[Event "6. Internationales Spandauer Weihnachtsopen 2023"]
[Site "Spandau, Germany"]
[Date "2023.12.29"]
[Round "5.5"]
[White "Tiarks, Jann-Christian"]
[Black "Solberg, Joachim"]
[Result "1/2-1/2"]
[TimeControl "90 min+30 sec"]
[WhiteElo "2224"]
[BlackElo "2162"]

1. e4 c5 2. Nf3 Nc6 3. d4 cxd4 4. Nxd4 Nf6 5. Nc3 e5 6. Ndb5 d6 7. Bg5 a6 8. Na3 b5 9. Nab1 Be7 10.
Bxf6 Bxf6 11. a4 b4 12. Nd5 O-O 13. Bc4 Be6 14. O-O Bg5 15. Qd3 a5 16. c3 bxc3 17. Nbxc3 Ne7 18. Rfd1 Nxd5 19.
Bxd5 Rb8 20. Nb5 Qb6 21. Qg3 Be7 22. Rac1 Bd7 23. Bc4 Rbc8 24. b3 Be6 25. Bxe6 fxe6 26. Rc4 Rce8 27. Rc8 1/2-1/2

[Event "6. Internationales Spandauer Weihnachtsopen 2023"]
[Site "Spandau, Germany"]
[Date "2023.12.29"]
[Round "5.6"]
[White "Baldauf, Marco"]
[Black "Dzikowski, Michal"]
[Result "1-0"]
[TimeControl "90 min+30 sec"]
[WhiteElo "2488"]
[BlackElo "2060"]

1. e4 c5 2. Nf3 a6 3. c3 d5 4. exd5 Qxd5 5. d4 e6 6. Be3 cxd4 7. cxd4 Nf6 8. Nc3 Bb4 9. Bd3 O-O 10. O-O Bxc3 11. bxc3 Nc6 12. c4 Qd6 13. h3 Rd8 14.
Be2 h6 15. Qd2 Ne4 16. Qc2 f5 17. Rab1 Ng5 18. Nxg5 hxg5 19. d5 exd5 20. cxd5 Nb4 21. Qc4 Nxd5 22. Bxg5 b5 23. Qb3 Be6 24.
Bxd8 Rxd8 25. Rfd1 Qe5 26. Bf3 Rd6 27. Re1 Qf6 28. Rxe6 Qxe6 29. Rd1 1-0

[Event "6. Internationales Spandauer Weihnachtsopen 2023"]
[Site "Spandau, Germany"]
[Date "2023.12.29"]
[Round "6.1"]
[White "Dahl, Christoph"]
[Black "Richter, Leonard"]
[Result "1/2-1/2"]
[TimeControl "90 min+30 sec"]
[WhiteElo "2357"]
[BlackElo "2253"]

1. e4 c5 2. Nf3 d6 3. d4 cxd4 4. Nxd4 Nf6 5. Nc3 Nc6 6. Bg5 Bd7 7. Qd2 Rc8 8.
O-O-O Nxd4 9. Qxd4 Qa5 10. f4 Rxc3 11. bxc3 e5 12. Qb4 Qxb4 13. cxb4 Nxe4 14. Bh4 h6 15. Re1 d5 16. Bd3 Bxb4 17.
Bxe4 Bxe1 18. Rxe1 dxe4 19. Rxe4 O-O 20. Rxe5 1/2-1/2

[Event "6. Internationales Spandauer Weihnachtsopen 2023"]
[Site "Spandau, Germany"]
[Date "2023.12.29"]
[Round "6.2"]
[White "Goluch, Piotr"]
[Black "Dathe, Frederick"]
[Result "1-0"]
[TimeControl "90 min+30 sec"]
[WhiteElo "2312"]
[BlackElo "2143"]

1. d4 d5 2. c4 dxc4 3.
Nf3 Nf6 4. e3 e6 5. Bxc4 c5 6. O-O a6 7. dxc5 Bxc5 8. Qxd8+ Kxd8 9. Ne5 Ke7 10. Be2 Nfd7 11. Nd3 Bd6 12. Nd2 Rd8 13. Ne4 Bc7 14. b3 Nf6 15. Ba3+ Ke8 16. Nxf6+ gxf6 17. Rac1 Nc6 18.
Nb4 Bd7 19. Rfd1 Rac8 20. Bf3 Nxb4 21. Bxb4 Bc6 22. Bxc6+ bxc6 23. Rxd8+ Rxd8 24. Kf1 Kd7 25.
Rc4 e5 26. Rh4 Rh8 27. Rh6 Ke6 28.
Bc3 Kf5 29. e4+ Ke6 30. f4 Bd6 31. h3 Ke7 32. f5 Bc5 33. Ke2 Ba3 34. Be1 Rd8 35. Rxf6 Rd4 36. Rxc6 Rxe4+ 37. Kd1 Rd4+ 38. Kc2 Rd6 39. Rc7+ Kf8 40. b4 Rd4 41. Kb3 Re4 42. Bd2 1-0

[Event "6. Internationales Spandauer Weihnachtsopen 2023"]
[Site "Spandau, Germany"]
[Date "2023.12.29"]
[Round "6.3"]
[White "Solberg, Joachim"]
[Black "Baldauf, Marco"]
[Result "0-1"]
[TimeControl "90 min+30 sec"]
[WhiteElo "2162"]
[BlackElo "2488"]

1. e4 c5 2. c3 Nf6 3. e5 Nd5 4. Nf3 d6 5.
d4 cxd4 6. cxd4 Nc6 7. Bc4 dxe5 8. Nxe5 e6 9.
Nxc6 bxc6 10. O-O Be7 11. Nc3 O-O 12. a3 a5 13. Re1 Ba6 14. Bxa6 Rxa6 15. Qc2 Qb6 16. Be3 Rb8 17. Nxd5 cxd5 18. Re2 Bd6 19. Rc1 a4 20. Qd2 Qb7 21.
Bf4 Rc8 22. Bxd6 Rxd6 23. Re3 Rc4 24. Rec3 Qb5 25. g3 h6 26. Rxc4 dxc4 27. Qc3 Qb6 28. Qxc4 Qxb2 29. Rc3 Rd5 30.
Qd3 g6 31. Qe3 Rf5 32. Rc4 Qb1+ 33. Rc1 Qb2 34. Rc4 g5 35. Rxa4 Qb1+ 36. Kg2 Qb7+ 37. Kg1 Rf3 38. Rb4 Qd5 39.
Qe5 Qxe5 40. dxe5 Rxa3 41. Kg2 Kg7 42. g4 Kg6 43. h3 h5 44. Re4 h4 45. Re2 Kg7 46. Re4 Kf8 47. Re2 Ke7 48.
Re4 Rb3 49. Re2 Kd7 50. Rd2+ Ke7 51. Re2 Rc3 52. Re4 Rd3 53.
Re2 Kd7 54. Re4 Rd5 55. Kf3 Kc6 56. Re3 Rd4 57. Ra3 Rf4+ 58. Ke3 Rc4 59. Rd3 Ra4 60. Rd6+ Kc7 61. Rd3 Rc4 62. Kf3 Rc1 63.
Ke4 Re1+ 64. Kd4 Kd7 65. Rf3 Ke7 66. Ra3 Re2 67. Rf3 Kf8 68. Rf6 Ke8 69. Rf3 Ke7 70. Rf6 Ra2 71. Rf3 Ra4+ 72.
Kc5 Re4 73. Re3 Rf4 74. f3 Ra4 75. Re2 Kf8 76. Rf2 Kg7 77. Rf1 Kf8 78. Rf2 Ke7 79. Rb2 Ra3 80. Rf2 Ra1 81. Kd4 Rh1 82. Ke3 Rxh3 83. Ra2 Kf8 84. Ra1 Rh2 85. Rb1 Rg2 86.
Rh1 Kg7 87. Kd3 Ra2 88. Ke3 Kg6 89.
Ke4 f6 90. exf6 Kxf6 91. Rc1 Ra8 92.
Rb1 Ra2 93. Rh1 Ra4+ 94. Ke3 Ke5 95. Re1 Rb4 96. Kf2+ Kf4 97. Kg2 e5 98. Kh3 Rb3 0-1

[Event "6. Internationales Spandauer Weihnachtsopen 2023"]
[Site "Spandau, Germany"]
[Date "2023.12.29"]
[Round "6.4"]
[White "Daniel, Damian"]
[Black "Tiarks, Jann-Christian"]
[Result "1/2-1/2"]
[TimeControl "90 min+30 sec"]
[WhiteElo "2129"]
[BlackElo "2224"]

1. d4 d5 2. c4 c6 3. Nc3 Nf6 4. Nf3 e6 5. g3 dxc4 6. a4 Nbd7 7. Bg2 Bb4 8. O-O O-O 9. Qc2 Re8 10.
Na2 Bd6 11. Nd2 e5 12. Nxc4 Bc7 13. dxe5 Nxe5 14. Rd1 Qe7 15. Nxe5 Bxe5 16. Be3 Bg4 17. Nc3 Be6 18. Bd4 Bxd4 19.
Rxd4 Qc5 20. Qd2 a5 21. Ne4 Nxe4 22. Bxe4 Qb6 23. Rd1 g6 24. h4 Bb3 25. Bc2 Bxc2 26. Qxc2 1/2-1/2

[Event "6. Internationales Spandauer Weihnachtsopen 2023"]
[Site "Spandau, Germany"]
[Date "2023.12.29"]
[Round "6.5"]
[White "Ziska, Stephan"]
[Black "Perestjuk, Marko"]
[Result "*"]
[TimeControl "90 min+30 sec"]
[WhiteElo "1812"]
[BlackElo "2171"]

1. e4 c5 2. c3 d5 3. exd5 Qxd5 4.
Nf3 Nf6 5. d4 Bg4 6. Be2 e6 7. O-O Nc6 8. Be3 cxd4 9. cxd4 Be7 10. Nc3 Qd6 11. Nb5 Qd8 12. Ne5 Bxe2 13. Qxe2 Nb4 14.
d5 Nbxd5 15. Bxa7 b6 16. Rfd1 O-O 17. Rac1 Bd6 18. Bxb6 Qxb6 19. Rc6 Qa5 20. Nxd6 Nf4 21. Qe1 Qxa2 22.
g3 Ng6 23. Nxg6 hxg6 24. b4 Qb3 25. Rdc1 Rfd8 26. b5 Qd5 27. Nc8 Qxb5 28. R6c5 Qb2 29. R5c2 Qb7 30. Rc7 Qf3 31. R7c3 Qh5 32.
Ne7+ Kf8 33. Nc6 Rd5 34. Rc4 Rb5 35. Rh4 Qg5 36. Rh8+ Ng8 37. Qd1 Rd5 38. Qe1 Qd2 39. Rxg8+ Kxg8 40. Ne7+ Kf8 41. Nxd5 Qxe1+ 42. Rxe1 exd5 43. Kg2 Re8 44. Rd1 Rd8 45. Kf3 Ke7 46. Ke3 g5 47. Rd4 Ke6 48. Rg4 Kf5 49.
Rd4 f6 50. h4 gxh4 51. Rxh4 g5 52. Rd4 Ke5 53. f4+ gxf4+ 54. Rxf4 Ra8 55. Rb4 Ra3+ 56. Kf2 d4 57. Rb8 Ke4 58.
Re8+ Kd3 59. Rf8 Kc2 60. Rxf6 d3 61.
Rc6+ Rc3 62. Rd6 Rc8 63. Ke1 Re8+ 64. Kf2 d2 65. Rc6+ Kd1 66. g4 Rf8+ 67. Kg3 Rd8 68. g5 Ke2 69.
Rc2 Ke3 70. Rxd2 Kd4 *

[Event "6. Internationales Spandauer Weihnachtsopen 2023"]
[Site "Spandau, Germany"]
[Date "2023.12.29"]
[Round "6.6"]
[White "Tschernatsch, Johannes"]
[Black "Jankowiak, Piotr"]
[Result "1-0"]
[TimeControl "90 min+30 sec"]
[WhiteElo "2335"]
[BlackElo "2076"]

1. e4 e5 2. Nf3 Nf6 3. Nxe5 d6 4. Nf3 Nxe4 5. d4 d5 6. Bd3 Bd6 7. O-O O-O 8.
Re1 Bf5 9. Nbd2 Re8 10. Nf1 c6 11. c3 Nd7 12. Qc2 Bg6 13. g3 Qf6 14. Kg2 Bh5 15. Ng1 Bg6 16. Nh3 h6 17. Nf4 Bxf4 18.
Bxf4 Nd6 19. Bxg6 fxg6 20. Qb3 b6 21. Qa4 Ne4 22. f3 Ng5 23. Bxg5 hxg5 24. Ne3 Rf8 25. Rf1 Qd6 26. Ng4 a5 27.
Rae1 b5 28. Qc2 Rf5 29. Qe2 Kf7 30.
Rf2 a4 31. Qe3 Rc8 32. Rfe2 Kg8 33. Qe7 Qxe7 34. Rxe7 Rf7 35. Re8+ Rf8 36. R8e6 Kh7 37. Rd6 Nf6 38. Ne5 c5 39.
dxc5 Rxc5 40. a3 Re8 41. Kf2 d4 42.
Nd3 Rxe1 43. Kxe1 Rf5 44. Rxd4 Rxf3 45. Ke2 Rf5 46. c4 bxc4 47. Rxc4 Ra5 48. Nc5 Nd5 49. Nxa4 Rb5 50. Rc5 1-0

[Event "6. Internationales Spandauer Weihnachtsopen 2023"]
[Site "Spandau, Germany"]
[Date "2023.12.30"]
[Round "7.1"]
[White "Goluch, Piotr"]
[Black "Dahl, Christoph"]
[Result "1/2-1/2"]
[TimeControl "90 min+30 sec"]
[WhiteElo "2312"]
[BlackElo "2357"]

1. d4 Nf6 2. c4 e6 3. g3 d5 4. Bg2 Be7 5. Nf3 O-O 6. O-O dxc4 7. Qc2 a6 8. a4 Bd7 9. Qxc4 Bc6 10.
Bf4 Bd6 11. Bg5 Nbd7 12. Nc3 h6 13. Bxf6 Nxf6 14. Qd3 Bb4 15.
Rfc1 Qe7 16. e3 Rfd8 17. Qc2 Rac8 18. a5 Bxc3 19. Qxc3 Bd5 20. Qa3 Qxa3 21. Rxa3 Nd7 22. Rac3 c6 23.
Nd2 Bxg2 24. Kxg2 Nf6 25. Nb3 Ne4 26. Rc4 Rd5 27. Nc5 Nxc5 28. Rxc5 Rcd8 29. h4 f6 30. Kf3 Kf7 31. b4 e5 32.
dxe5 Rxe5 33. Rxe5 fxe5 34. Rc5 Kf6 35. Ke2 g5 36. Rc4 Kf5 37. hxg5 hxg5 38. g4+ Ke6 39. f4 gxf4 40. exf4 exf4 41.
Rxf4 Rd5 42. Re4+ Kf6 43. Ke3 c5 44. bxc5 Rxc5 45. Rb4 Ke5 46. Ke4+ 1/2-1/2

[Event "6. Internationales Spandauer Weihnachtsopen 2023"]
[Site "Spandau, Germany"]
[Date "2023.12.30"]
[Round "7.3"]
[White "Perestjuk, Marko"]
[Black "Daniel, Damian"]
[Result "0-1"]
[TimeControl "90 min+30 sec"]
[WhiteElo "2171"]
[BlackElo "2129"]

1. c4 e5 2. Nc3 Nf6 3. Nf3 Nc6 4. e3 Bb4 5. Qc2 Bxc3 6. Qxc3 Qe7 7. d4 Ne4 8. Qd3 exd4 9. Nxd4 O-O 10.
Be2 Qb4+ 11. Kf1 Nxd4 12. Qxd4 Re8 13. f3 Nf6 14. g4 d6 15. Bd2 Qb6 16. Qc3 Bxg4 17. fxg4 Ne4 18. Qc2 Nxd2+ 19. Qxd2 Rxe3 20. Rg1 Rae8 21.
Rg2 R8e5 22. Rd1 Qc6 23. Kg1 Qxg2+ 24. Kxg2 Rxe2+ 25. Kf3 Rxd2 26. Rxd2 Kf8 27. Kf4 h6 28. h4 g5+ 29. hxg5 hxg5+ 30. Kf3 Kg7 31. b3 a5 32. Rd1 b6 33. a3 Kg6 34. Rh1 f5 35. gxf5+ Rxf5+ 36. Kg3 Re5 37.
Kf3 Re7 38. Rh8 Kf5 39. Rg8 Rh7 40. Kg3 Rf7 41. b4 axb4 42. axb4 Rh7 43. Rc8 Ke4 44.
Rg8 Kd4 45. c5 dxc5 46. bxc5 Kxc5 47. Rxg5+ Kb4 48. Kf2 Re7 49. Rg6 Kb5 0-1

[Event "6. Internationales Spandauer Weihnachtsopen 2023"]
[Site "Spandau, Germany"]
[Date "2023.12.30"]
[Round "7.4"]
[White "Lippert, Daniel"]
[Black "Tschernatsch, Johannes"]
[Result "1/2-1/2"]
[TimeControl "90 min+30 sec"]
[WhiteElo "2031"]
[BlackElo "2335"]

1. d4 Nf6 2. c4 g6 3. Nc3 d5 4. Nf3 Bg7 5.
Qb3 dxc4 6. Qxc4 O-O 7.
e4 Nc6 8. Be2 e5 9. d5 Nd4 10.
Nxd4 exd4 11. Qxd4 c6 12. Qc4 b5 13. Qxc6 Bd7 14. Qd6 Re8 15. e5 b4 16. Qxb4 Rxe5 17. O-O a5 18. Qd4 Nxd5 19. Bh6 Nxc3 20.
bxc3 Bf6 21. Be3 Re8 22. Qd2 Be6 23. Bd4 Rb8 24. Rab1 Bxd4 25. cxd4 Qd5 26. a3 Qa2 27. Qxa2 Bxa2 28.
Rxb8 Rxb8 29. Rc1 Rb2 30. Bf3 Bb3 31.
h4 a4 32. Bc6 Rd2 33. d5 Kg7 34. Re1 Rd4 35. g3 Kf6 36. f3 h6 37. Kf2 g5 38. hxg5+ hxg5 39. Ke3 Ke5 40. Kf2+ Kd6 41. Re4 Rd2+ 42. Re2 Rd1 43. Re1 Rd4 44. Re4 Rd2+ 45. Re2 Rd1 1/2-1/2

[Event "6. Internationales Spandauer Weihnachtsopen 2023"]
[Site "Spandau, Germany"]
[Date "2023.12.30"]
[Round "7.5"]
[White "Tiarks, Jann-Christian"]
[Black "Teichert, Felix"]
[Result "0-1"]
[TimeControl "90 min+30 sec"]
[WhiteElo "2224"]
[BlackElo "2066"]

1. e4 c6 2. d4 d5 3. e5 Bf5 4. h4 Qb6 5. Nc3 h5 6. Nge2 e6 7. Ng3 Bg6 8. Be2 c5 9. dxc5 Bxc5 10.
O-O Qc7 11. Bf4 a6 12. Bxh5 Bxh5 13. Nxh5 g6 14. Ng3 Rxh4 15. Bg5 Rh8 16. Re1 Nc6 17. Na4 Bd4 18. Qd2 Bxe5 19. Rxe5 Qxe5 20. Re1 Qd4 21. Qxd4 Nxd4 22.
Nb6 Rd8 23. Bxd8 Kxd8 24. Rd1 Nf5 25. Nxf5 gxf5 26. c4 Kc7 27. Na8+ Kb8 28. Nb6 Nf6 29. cxd5 Kc7 30. Nc4 Nxd5 31. Ne5 Rh7 32. Rc1+ Kd8 33. Nc4 f6 34. Re1 Kd7 35.
Ne3 Nxe3 36. Rxe3 e5 37. Rd3+ Ke6 38. Rd8 Rd7 39. Rb8 b5 40. Ra8 Rd1+ 41. Kh2 Rd6 42. Kg1 e4 43. Kf1 Rc6 44.
g3 Ke5 45. Re8+ Kd4 46. Rd8+ Kc5 47.
Ke2 Rd6 48. Rxd6 Kxd6 49. Ke3 a5 50. Kf4 Ke6 51. f3 Kd5 52.
Ke3 Ke5 53. b3 b4 54. f4+ Kd5 55. Ke2 Kd4 56. Kd2 e3+ 57. Ke1 Kd3 58. Kd1 e2+ 59. Ke1 Ke3 0-1

[Event "6. Internationales Spandauer Weihnachtsopen 2023"]
[Site "Spandau, Germany"]
[Date "2023.12.30"]
[Round "7.6"]
[White "Dathe, Frederick"]
[Black "Heinke, Jasper"]
[Result "1/2-1/2"]
[TimeControl "90 min+30 sec"]
[WhiteElo "2143"]
[BlackElo "2041"]

1. Nf3 Nf6 2. c4 e6 3. g3 d5 4. Bg2 Be7 5. O-O O-O 6. b3 d4 7. e3 c5 8.
exd4 cxd4 9. Re1 Nc6 10. d3 Ne8 11. Na3 f6 12. Nc2 e5 13.
Rb1 Nb4 14. a3 Nxc2 15. Qxc2 a5 16. b4 Nc7 17. Qe2 axb4 18. axb4 Ra4 19. b5 Ne6 20. Nh4 Bb4 21. Rxb4 Rxb4 22.
Ba3 Ra4 23. Bxf8 Qxf8 24. Bd5 g5 25. Qg4 Kh8 26. Bxe6 Bxe6 27. Qxe6 gxh4 28. Re4 hxg3 29. hxg3 Ra3 30. Rh4 Rxd3 31.
Qd7 Qg7 32. Qd8+ Qg8 33. Qxf6+ Qg7 34.
Qe6 Rxg3+ 35. Kf1 Rg5 36. c5 d3 37. Qe8+ Qg8 38. Qxg8+ Rxg8 39. Ke1 Rc8 40. Rc4 Kg7 41. Kd2 e4 42.
Rxe4 Rxc5 43. Re7+ Kg6 44. Rxb7 Rc2+ 45. Kxd3 Rxf2 46. Rb8 Rb2 47. b6 h5 48. Kc3 Rb1 49. Kd4 h4 50. Kc5 Kg5 51.
b7 h3 52. Rg8 Kf4 53. b8=Q+ Rxb8 54. Rxb8 h2 55. Rh8 Kg3 56. Kd4 Kg2 57. Ke3 h1=Q 58. Rxh1 Kxh1 1/2-1/2